 Dungeon Crawl Stone Soup version 0.19.0-2-gae57169 (webtiles) character file.

821 Patchouli the Caller (level 7, -7/41 HPs)
             Began as a Tengu Summoner on Nov 5, 2016.
             Was an Initiate of Sif Muna.
             Killed from afar by a guardian golem (16 damage)
             ... with an exploding inner flame
             ... summoned by the player character
             ... on level 6 of the Dungeon.
             The game lasted 00:27:03 (4295 turns).

Patchouli the Caller (Tengu Summoner)               Turns: 4295, Time: 00:27:03

Health: -7/41      AC:  3    Str:  8    XL:     7   Next: 95%
Magic:  0/14       EV: 14    Int: 17    God:    Sif Muna [......]
Gold:   200        SH:  0    Dex: 15    Spells: 5 memorised, 1 level left

rFire  . . .     SeeInvis +     w - +0 mace (protect)
rCold  . . .     Gourm    .     a - +0 robe
rNeg   . . .     Faith    .     (no shield)
rPois  .         Spirit   .     (helmet restricted)
rElec  .         Reflect  .     l - +0 cloak
rCorr  .         Harm     .     (no gloves)
MR     .....                    (boots unavailable)
Stlth  ++........               (no amulet)
                                (no ring)
                                x - ring of see invisible

@: no status effects
A: beak, talons 3, able to fly 1
a: Fly, Renounce Religion


You were on level 6 of the Dungeon.
You worshipped Sif Muna.
Sif Muna was noncommittal.
You were hungry.

You visited 2 branches of the dungeon, and saw 9 of its levels.

You collected 200 gold pieces.

Inventory:

Hand Weapons
 i - a +0 flail of holy wrath
 m - a +1 hand axe
 w - a +0 mace of protection (weapon)
Armour
 a - a +0 robe (worn)
 g - a +0 leather armour
 l - a +0 cloak (worn)
Jewellery
 x - a ring of see invisible (left hand)
Wands
 h - a wand of confusion (24/48)
 y - a wand of disintegration (12/24)
 D - a wand of lightning (5/15)
Scrolls
 e - 2 scrolls of random uselessness {unknown}
 k - a scroll of noise
 n - 2 scrolls of identify
 o - a scroll of amnesia {unknown}
 p - a scroll of magic mapping
 q - a scroll of immolation {unknown}
 r - a scroll of enchant weapon
 t - a scroll of fog {unknown}
 u - a scroll of enchant armour {unknown}
 v - a scroll of remove curse {unknown}
 A - a scroll of blinking {unknown}
Potions
 d - a potion of degeneration {unknown}
 E - a potion of resistance
Books
 b - a book of Callings

   Spells                             Type                      Level
   a - Summon Small Mammal            Summoning                    1
   b - Call Imp                       Summoning                    2
   c - Call Canine Familiar           Summoning                    3
   d - Summon Guardian Golem          Hexes/Summoning              3
   e - Summon Lightning Spire         Summoning/Air                4
   f - Summon Ice Beast               Ice/Summoning                4
 s - a book of Cantrips

   Spells                             Type                      Level
   a - Confusing Touch                Hexes                        1
   b - Animate Skeleton               Necromancy                   1
   c - Summon Small Mammal            Summoning                    1
   d - Apportation                    Translocation                1
 B - a book of Frost

   Spells                             Type                      Level
   a - Freeze                         Ice                          1
   b - Throw Frost                    Conjuration/Ice              2
   c - Ozocubu's Armour               Charms/Ice                   3
   d - Throw Icicle                   Conjuration/Ice              4
   e - Summon Ice Beast               Ice/Summoning                4
Comestibles
 c - 5 bread rations
 f - 13 chunks of flesh
 j - 2 royal jellies


   Skills:
 * Level 3.0 Fighting
 - Level 3.1 Armour
 + Level 4.0 Dodging
 - Level 2.0 Stealth
 * Level 4.3 Spellcasting
 * Level 1.5 Hexes
 * Level 6.4 Summonings
 * Level 1.5 Air Magic
 + Level 1.0 Invocations
 + Level 1.0 Evocations


You had one spell level left.
You knew the following spells:

 Your Spells              Type           Power        Failure   Level  Hunger
a - Summon Small Mammal   Summ           ####         1%          1    None
b - Call Imp              Summ           ####....     1%          2    ##.....
c - Call Canine Familiar  Summ           ####....     3%          3    ###....
g - Summon Guardian Gole  Hex/Summ       ###.....     10%         3    ###....
s - Summon Lightning Spi  Summ/Air       ###.....     30%         4    ####...


Dungeon Overview and Level Annotations

Branches:
Dungeon (8/15)             Temple (1/1) D:5
   Lair: D:8-11

Altars:
Ashenzari
Cheibriados
Dithmenos
Elyvilon
Fedhas
Gozag
Kikubaaqudgha
Makhleb
Nemelex Xobeh
Okawaru
Qazlal
Ru
Sif Muna
Trog
Uskayaw
Vehumet
Yredelemnul
Zin
The Shining One

Shops:
D:4 (

Annotations:
D:5 androgeny's ghost, novice FoFi
D:7 Joseph
D:8 Erica


Innate Abilities, Weirdness & Mutations

You have a beak for a mouth.
You have claws for feet.
You can fly.


Message History

Your hound misses the orc warrior.
Your hound bites the orc warrior but does no damage.
You swap places.
Your hound barely misses the orc warrior.
The orc warrior hits you with a battleaxe!!
Ouch! That really hurt!
* * * LOW HITPOINT WARNING * * *
The orc warrior barely misses your hound.
The orc warrior hits your guardian golem with a battleaxe!!
Your hound closely misses the orc warrior.
The orc warrior hits your guardian golem with a battleaxe!
Your guardian golem explodes!
The tree burns like a torch!
The fiery explosion engulfs the orc warrior.
The orc warrior dies!
Sif Muna accepts your kill.
Your Invocations skill increases to level 1!
Your Evocations skill increases to level 1!
The fiery explosion engulfs you!
You die...

,****,*****,,,,,,,,......##8h....
,**,*,* *,,,,,,,,......*##<....
,,,,*,*****,**##########,**####..
***,*,,,,,,,* *./.....,,,,,,,,#..
*,***********,.....,,,,,,,,,###
*,,,,,,,,,,,,,,.o.,,,,,,,,,,*
***************#)#***********
♣♣♣♣.♣ ♣♣ ♣§@§.♣ )♣♣ ♣♣§§§♣♣
******* ).♣♣♣♣ ♣h§♣♣♣ **,,,,,,
♣♣...♣♣♣♣ ♣♣.♣ *,,,***, ♣♣♣♣)(.♣♣
♣♣.♣♣ ***,,,* ** ♣♣♣♣(♣♣♣♣.♣♣
*,,,,** ♣...♣♣..♣ ****,,**
♣♣♣....♣♣ **,,* ♣♣♣ ♣♣.♣♣♣
***,,**


You could see a friendly hound.

Vanquished Creatures
  Sigmund (D:7)
  An orc warrior (D:6)
  2 orcs (D:6)
  A bat (D:1)
  2 giant cockroaches (D:4)
7 creatures vanquished.

Vanquished Creatures (collateral kills)
  Edmund (D:7)
  An orc warrior (D:6)
  An ogre (D:6)
  A centaur (D:6)
  A bullfrog (D:7)
  2 scorpions
  2 crimson imps
  2 bullfrog zombies
  2 hounds
  2 iguanas (D:7)
  3 orc wizards
  A worker ant (D:4)
  A hound skeleton (D:4)
  4 gnolls (D:3)
  5 adders
  2 shadow imps
  An ooze (D:4)
  An adder zombie (D:6)
  An adder skeleton (D:7)
  2 worms (D:5)
  A dart slug (D:1)
  2 leopard geckos
  25 orcs
  2 ball pythons
  A giant cockroach (D:4)
  2 goblins (D:2)
  4 hobgoblins
  4 jackals (D:1)
  A bat (D:3)
  3 frilled lizards
  3 kobolds
  A quokka skeleton (D:5)
  A rat (D:1)
86 creatures vanquished.

Grand Total: 93 creatures vanquished

Notes
Turn   | Place    | Note
-------+----------+-------------------------------------------
     0 | D:1      | Patchouli the Tengu Summoner began the quest for the Orb.
     0 | D:1      | Reached XP level 1. HP: 10/10 MP: 4/4
   239 | D:1      | Reached XP level 2. HP: 14/16 MP: 1/6
   243 | D:1      | Learned a level 2 spell: Call Imp
   377 | D:1      | Reached skill level 5 in Summonings
   489 | D:2      | Found a hide-covered altar of Uskayaw.
   783 | D:3      | Reached skill level 1 in Fighting
   852 | D:3      | Reached XP level 3. HP: 14/20 MP: 1/7
   859 | D:3      | Reached skill level 1 in Armour
   886 | D:3      | Learned a level 3 spell: Call Canine Familiar
   915 | D:3      | Noticed a scorpion
   935 | D:3      | Killed a scorpion
   935 | D:3      | Reached XP level 4. HP: 24/25 MP: 2/9
  1175 | D:4      | Found Maerehog's Weapon Shoppe.
  1200 | D:5      | Entered Level 5 of the Dungeon
  1435 | D:5      | Noticed a bullfrog
  1491 | D:5      | Noticed androgeny's ghost (novice FoFi)
  1799 | D:6      | Gained mutation: You can fly. [Tengu growth]
  1799 | D:6      | Reached XP level 5. HP: 29/29 MP: 7/10
  1811 | D:6      | Found a hide-covered altar of Uskayaw.
  1892 | D:5      | Found a sacrificial altar of Ru.
  1909 | D:5      | Learned a level 3 spell: Summon Guardian Golem
  2324 | D:4      | Found an ancient bone altar of Kikubaaqudgha.
  2325 | D:4      | Found a glowing golden altar of the Shining One.
  2617 | D:4      | Reached XP level 6. HP: 35/35 MP: 3/12
  2925 | D:5      | Found a staircase to the Ecumenical Temple.
  2943 | Temple   | Entered the Ecumenical Temple
  2952 | Temple   | Became a worshipper of Sif Muna the Loreminder
  3189 | D:7      | Noticed an orc warrior
  3232 | D:7      | Found a shadowy altar of Dithmenos.
  3341 | D:8      | Found a bloodstained altar of Trog.
  3378 | D:8      | Noticed Erica
  3514 | D:7      | Noticed Joseph
  3734 | D:7      | Noticed Sigmund
  3758 | D:7      | Killed Sigmund
  3758 | D:7      | Reached skill level 6 in Summonings
  3758 | D:7      | Reached XP level 7. HP: 40/40 MP: 2/14
  3779 | D:7      | Noticed Edmund
  3811 | D:7      | Killed Edmund
  3811 | D:7      | Reached skill level 1 in Hexes
  4009 | D:6      | Learned a level 4 spell: Summon Lightning Spire
  4152 | D:6      | Reached skill level 1 in Air Magic
  4201 | D:7      | Found a white marble altar of Elyvilon.
  4295 | D:6      | Reached skill level 1 in Invocations
  4295 | D:6      | Reached skill level 1 in Evocations
  4295 | D:6      | Killed from afar by a guardian golem

Skill      XL: |  1  2  3  4  5  6  7 |
---------------+----------------------+-----
Summonings     | 5 6 |  6.4
Fighting       | 1 2 3 |  3.0
Armour         | 1 2 3 |  3.1
Spellcasting   | 3 4 |  4.3
Dodging        | 3 4 |  4.0
Hexes          | 1 |  1.5
Air Magic      | 1 |  1.5
Invocations    | 1 |  1.0
Evocations     | 1 |  1.0
Stealth        | |  2.0

Action                   |  1- 3 |  4- 6 |  7- 9 || total
-------------------------+-------+-------+-------++-------
Melee: Unarmed           |     2 |       |       ||     2
       Peck              |     1 |     5 |     2 ||     8
       Dagger            |       |     2 |       ||     2
       Hand axe          |       |    22 |       ||    22
       Kick              |       |     3 |     2 ||     5
       Mace              |       |     5 |     9 ||    14
 Cast: Summon Small Mamm |    26 |     1 |       ||    27
       Call Imp          |    15 |    26 |       ||    41
       Call Canine Famil |     1 |    40 |     5 ||    46
       Summon Guardian G |       |     7 |     3 ||    10
       Summon Lightning  |       |       |     3 ||     3
Evoke: Wand              |       |     1 |     5 ||     6
  Use: Potion            |       |     8 |     2 ||    10
       Scroll            |       |     6 |     1 ||     7
 Stab: Sleeping          |       |     5 |       ||     5
       Distracted        |       |     1 |     1 ||     2
  Eat: Chunk             |     1 |    14 |     3 ||    18
       Fruit             |       |     1 |       ||     1
Armor: Robe              |     2 |    14 |     3 ||    19
Dodge: Dodged            |    12 |    45 |    11 ||    68
